 Dungeon Crawl Stone Soup version 0.31-a0-198-g2ad674f65e (webtiles) character file.

Game seed: 14623010299258077712

25 qw the Shooter (level 2, 0/16 HPs)
             Began as a Deep Elf Hunter on June 25, 2023.
             Succumbed to their own poison gas
             ... on level 1 of the Dungeon.
             The game lasted 00:00:14 (619 turns).

qw the Shooter (Deep Elf Hunter)                     Turns: 619, Time: 00:00:14

Health: 0/16       AC:  5    Str:  8    XL:     2   Next: 82%
Magic:  4/4        EV: 10    Int: 13    God:
Gold:   93         SH:  0    Dex: 18    Spells: 1/1 levels left

rFire   . . .        Y - +0 shortbow
rCold   . . .        (shield currently unavailable)
rNeg    . . .        i - +0 ring mail
rPois   .            (no helmet)
rElec   .            (no cloak)
rCorr   .            (no gloves)
SInv    .            (no boots)
Will    .....        (no amulet)
Stlth   +            (no ring)
HPRegen 0.22/turn    (no ring)
MPRegen 0.09/turn

%: no passive effects
@: lethally poisoned (0 -> -7), weak-willed
A: no striking features
a: no special abilities


You were on level 1 of the Dungeon.
You visited 1 branch of the dungeon, and saw 1 of its levels.

You collected 93 gold pieces.


   Skills:
 - Level 1.5 Fighting
 + Level 6.5 Ranged Weapons
 - Level 2.4 Dodging
 - Level 1.2 Stealth


You had one spell level left.
You didn't know any spells.
Your spell library was empty.

Inventory:

Hand Weapons
 Y - a +0 shortbow (weapon)
Armour
 i - a +0 ring mail (worn)
Potions
 d - a potion of degeneration {unknown}
 e - a potion of magic {unknown}

Dungeon Overview and Level Annotations

Branches:
Dungeon (1/15)

Altars:


Message History

As you read the scroll labelled RAOGIRR XUDER, it crumbles to dust.
You hear a loud clanging noise!
It was a scroll of noise.
Done exploring.
612 ||| READING scroll labelled CIYTOS ESIZ.
As you read the scroll labelled CIYTOS ESIZ, it crumbles to dust.
It is a scroll of identify.
Really abort (and waste the scroll)?
Done exploring.
613 ||| READING scroll labelled ACHECK APROMPU.
As you read the scroll labelled ACHECK APROMPU, it crumbles to dust.
It is a scroll of enchant armour.
Really abort (and waste the scroll)?
Done exploring.
614 ||| DROPPING 2 scrolls of poison.
You drop 2 scrolls of poison.
Done exploring.
615 ||| DROPPING scroll of butterflies.
You drop a scroll of butterflies.
Done exploring.
(D) Dungeon
Where to? (* - list waypoints, ? - help)
What level of the Dungeon? (default 1, ? - help) Sorry, I don't know how to get there.
Enter note:
Enter note:
Enter note:
Enter note:
Enter note:
Enter note: Really walk into that cloud of poison gas?
You are engulfed in poison gas.
You are lethally poisoned!
You feel very sick.
617 ||| Stepping ~*~*~tactically~*~*~ (cloud).
You feel very sick.
Things that are here:
a scroll of butterflies; 2 scrolls of poison; a +0 leather armour
There is a lethal amount of poison in your body!
You feel sick.
There is a lethal amount of poison in your body!
You die...

.#.#
#.#.............#
.#.#
#.####.###000..##
...###.####.#
##00.##
............#
#¤¤##
...###.###### #0##
...###.## #0#
........# #¤#
...###..########0#
#........¤.¤¤¤00@#
#..###..##########
#..# #..#
######..#
........#
#######.#
#######.#
........#
#########


There were no monsters in sight!

Vanquished Creatures
  A dart slug (D:1)
  4 giant cockroaches (D:1)
  3 hobgoblins (D:1)
  2 jackals (D:1)
  2 ball pythons (D:1)
  2 bats (D:1)
  3 goblins (D:1)
  3 rats (D:1)
20 creatures vanquished.

Notes
Turn   | Place    | Note
-------+----------+-------------------------------------------
     0 | D:1      | qw the Deep Elf Hunter began the quest for the Orb.
     0 | D:1      | Reached XP level 1. HP: 12/12 MP: 3/3
     0 | D:1      | 0 ||| qw: Version: 0.3-a-22-g0ed2b0b
     0 | D:1      | 0 ||| qw: Game counter: 4869
     0 | D:1      | 0 ||| qw: Melee chars always use a shield: true
     0 | D:1      | 0 ||| qw: God list: Okawaru
     0 | D:1      | 0 ||| qw: Allow faded altars: false
     0 | D:1      | 0 ||| qw: Do Orc after clearing Dungeon:15 true
     0 | D:1      | 0 ||| qw: Do second Lair branch before Depths: true
     0 | D:1      | 0 ||| qw: Lair rune preference: random
     0 | D:1      | 0 ||| qw: Goals: Normal
     0 | D:1      | 0 ||| PLANNING D:1-11
   248 | D:1      | Reached XP level 2. HP: 16/16 MP: 4/4
   261 | D:1      | Reached skill level 6 in Ranged Weapons
   598 | D:1      | 598 ||| UPGRADING to +0 ring mail.
   608 | D:1      | 608 ||| DROPPING +0 leather armour.
   609 | D:1      | 609 ||| READING 3 scrolls labelled NUTUBYNUGAI.
   610 | D:1      | 610 ||| READING scroll labelled CIN AWKUTUREU.
   611 | D:1      | 611 ||| READING scroll labelled RAOGIRR XUDER.
   612 | D:1      | 612 ||| READING scroll labelled CIYTOS ESIZ.
   613 | D:1      | 613 ||| READING scroll labelled ACHECK APROMPU.
   614 | D:1      | 614 ||| DROPPING 2 scrolls of poison.
   615 | D:1      | 615 ||| DROPPING scroll of butterflies.
   617 | D:1      | 617 ||| Stepping ~*~*~tactically~*~*~ (cloud).
   617 | D:1      | HP: 4/16 [poisoned by you (poison gas)]
   619 | D:1      | Succumbed to their own poison gas

Levels and vault maps discovered:
D:1:      scummos_arrival_simple_crosswalls, layout_loops_ring

Skill      XL: |  1  2 |
---------------+-------+-----
Ranged Weapons | 6 |  6.5
Fighting       | |  1.5
Dodging        | |  2.4
Stealth        | |  1.2

Action                     || total
---------------------------++-------
   Fire: Shortbow          ||    45
    Use: Scroll            ||     5
 Armour: Leather armour    ||     2
  Dodge: Dodged            ||     7

Table legend:
 A = Non-vault XP
 B = Vault XP
 C = Vault XP percentage of total XP
 D = Non-vault monster count
 E = Vault monster count
 F = Vault count percentage of total count
                 A         B        C        D         E       F
            +---------+---------+-------+---------+---------+-------
      Total |      36 |       0 |   0.0 |      20 |       0 |   0.0
            +---------+---------+-------+---------+---------+-------
        D:1 |      36 |       0 |   0.0 |      20 |       0 |   0.0
            +---------+---------+-------+---------+---------+-------
